Map: Odyssée EC

Players

Deckard - Winner!

  • Race: Zerg Zerg
  • League: Gold
  • Spawn Location: 11:00

zidar

  • Race: Zerg Zerg
  • Spawn Location: 5:00

VOD

Have the link to the VOD?

Description

Time

  • Played on: July 24, 2017, 10:37 a.m.
  • Length: 5:50
Show
View Real Time Build Order
Export as new Build Order

Deckard Zerg - Winner!

Build Orders: Pool First 

Get SALT Encoding   

  12  0:07  Extractor  
  11  0:22  Spawning Pool  
  11  0:27  Drone  
  11  0:33  Drone  
  12  0:39  Drone  
  13  0:52  Overlord  
  13  1:10  Metabolic Boost  
  13  1:13  Zergling x2  
  13  1:14  Zergling x2  
  13  1:18  Zergling x2  
  16  1:27  Zergling x2  
  17  1:34  Queen  
  19  1:42  Zergling x2  
  20  1:52  Zergling x2  
  21  2:07  Overlord  
  21  2:16  Zergling x2  
  22  2:23  Overlord  
  22  2:36  Hatchery  
  17  3:14  Drone x3  
  19  3:46  Drone x3  
  22  3:57  Extractor  
  22  4:01  Lair  
  21  4:07  Queen  
  21  4:09  Drone x2  
  23  4:21  Roach Warren, Hatchery  
  21  4:30  Drone  
  22  4:31  Spine Crawler  
  22  4:35  Drone  
  22  4:44  Spine Crawler  
  21  4:52  Spine Crawler  
  20  4:55  Zergling x2  
  20  5:17  Roach  
  20  5:18  Roach  
  26  5:36  Drone x2  
Show
View Real Time Build Order
Export as new Build Order

zidar Zerg 

Build Orders: Hatch First, Zergling Baneling 

Get SALT Encoding   

  12  0:01  Drone  
  13  0:12  Overlord  
  13  0:17  Drone  
  14  0:30  Drone x2  
  14  0:34  Drone  
  17  0:54  Hatchery  
  16  1:02  Drone  
  17  1:08  Extractor, Drone  
  17  1:25  Spawning Pool, Drone x2  
  18  1:35  Overlord  
  17  2:01  Overlord  
  17  2:13  Zergling x6  
  20  2:19  Spine Crawler  
  19  2:27  Zergling x2  
  19  2:28  Zergling x4  
  22  2:30  Queen  
  22  2:34  Metabolic Boost  
  23  2:38  Zergling x2  
  23  2:51  Baneling Nest  
  17  3:17  Zergling x6  
  19  3:47  Baneling  
  19  3:48  Baneling x2  
  19  3:51  Zergling x2  
  19  3:52  Zergling x8  
  24  4:01  Drone  
  25  4:06  Hatchery  
  22  4:17  Baneling x2  
  22  4:18  Baneling x3  
  22  4:28  Zergling x8  
  26  4:40  Queen  
  25  5:18  Baneling x3  
  25  5:19  Baneling x2  
  25  5:26  Zergling x14  
Tags
 
League
Gold
Matchup
ZvZ
Race
Zerg
Spawn Locations
Cross Positions
Add a new tag
Caveats
  • Supply blocks, unpowered buildings, or Contaminate may cause inaccurate times.
  • Supply counts are checked every 10 seconds.